 Dungeon Crawl Stone Soup version 0.27-a0-705-ga0013940fb (webtiles) character file.

Game seed: 3663940678644712512

65 Dittersdorf the Covered (level 4, -5/29 HPs)
             Began as a Gargoyle Fighter on Mar 22, 2021.
             Slain by Sigmund
             ... wielding a +0 scythe
              (7 damage)
             ... on level 2 of the Dungeon.
             The game lasted 00:01:25 (1911 turns).

Dittersdorf the Covered (Gargoyle Fighter)          Turns: 1911, Time: 00:01:26

Health: -5/29      AC: 13    Str: 20    XL:     4   Next: 14%
Magic:  4/4        EV:  5    Int:  9    God:
Gold:   48         SH:  0    Dex:  9    Spells: 3/3 levels left

rFire    . . .     SeeInvis .   a - +0 flail
rCold    . . .     Faith    .   c - +0 kite shield
rNeg     + . .     Spirit   .   j - +0 chain mail
rPois    ∞         Reflect  .   (no helmet)
rElec    +         Harm     .   (no cloak)
rCorr    .         Rampage  .   (no gloves)
Will     .....                  (no boots)
Stlth    ..........             (no amulet)
HPRegen  0.09/turn              (no ring)
MPRegen  0.09/turn              (no ring)

@: confused, mighty
A: AC +3, negative energy resistance 1, electricity resistance, torment
resistance 1, unbreathing 1, petrification resistance
a: no special abilities


You were on level 2 of the Dungeon.
You visited 1 branch of the dungeon, and saw 2 of its levels.

You collected 48 gold pieces.

Inventory:

Hand Weapons
 a - a +0 flail (weapon)
Armour
 c - a +0 kite shield (worn)
 j - a +0 chain mail (worn)
Scrolls
 e - 2 scrolls of enchant armour {unknown}
 f - a scroll of identify {unknown}
 g - 4 scrolls of teleportation {unknown}
 h - a scroll of noise {unknown}
 i - a scroll of vulnerability {unknown}
Potions
 d - a potion of might


   Skills:
 + Level 3.9 Fighting
 + Level 2.7 Maces & Flails
 + Level 3.9 Armour
 + Level 3.9 Shields


You had 3 spell levels left.
You didn't know any spells.
Your spell library was empty.

Dungeon Overview and Level Annotations

Branches:
Dungeon (2/15)

Altars:

Shops:
D:1 :

Annotations:
D:2 Sigmund


Innate Abilities, Weirdness & Mutations

Your stone body is resilient. (AC +3)
You are immune to poison.
You resist negative energy. (rN+)
You are resistant to electric shocks. (rElec)
You are resistant to unholy torment.
You can survive without breathing.
You are immune to petrification.


Message History

The adder is severely wounded.
You block the adder's attack. The adder bites you but does no damage.
You sock the adder!
You kill the adder!
You have reached level 4!
You feel clever.
Found a stone staircase leading up.
An ooze comes into view.
The ooze quivers.
Found a spear.
You sock the ooze!
You kill the ooze!
No target in view!
No target in view!
No target in view!
No target in view!
No target in view!
No target in view!
No target in view!
No target in view!
No target in view!
No target in view!
No target in view!
No target in view!
Sigmund the Dreaded comes into view.
He is wielding a +0 scythe.
Sigmund is nearby!
Sigmund hits you from afar with a +0 scythe!
Sigmund screams, "Don't try to resist!"
Sigmund hits you but does no damage.
You feel very mighty all of a sudden. You block Sigmund's attack.
You closely miss Sigmund.
Sigmund points at you and mumbles some strange words.
You are confused.
Sigmund hits you with a +0 scythe!
You bump into the rock wall.
Sigmund hits you with a +0 scythe.
You bump into the rock wall.
Sigmund hits you with a +0 scythe!
* * * LOW HITPOINT WARNING * * *
You're too confused to move!
Sigmund hits you with a +0 scythe!
You die...

#### #####...# #..@@.#.#
##.#####.### #..###.....###
#.##..##.##..##
#.#.####+####.###
#...............#
#.######+######.#
#........[......#
###########.#.####'####.#.#


You could see Sigmund.

Vanquished Creatures
  3 adders (D:2)
  2 dart slugs
  A ball python (D:2)
  2 giant cockroaches
  2 goblins
  3 hobgoblins
  5 oozes
  2 quokkas
  6 bats
  A frilled lizard (D:1)
  3 kobolds (D:1)
  4 rats
34 creatures vanquished.

Notes
Turn   | Place    | Note
-------+----------+-------------------------------------------
     0 | D:1      | Dittersdorf the Gargoyle Fighter began the quest for the
                  | Orb.
     0 | D:1      | Reached XP level 1. HP: 14/14 MP: 1/1
   341 | D:1      | Reached XP level 2. HP: 6/19 MP: 2/2
  1217 | D:1      | Found Cikkyaxo's Book Emporium.
  1448 | D:2      | Reached XP level 3. HP: 16/23 MP: 3/3
  1846 | D:2      | Reached XP level 4. HP: 27/29 MP: 4/4
  1904 | D:2      | Noticed Sigmund
  1911 | D:2      | Slain by Sigmund

Illustrated notes

Levels and vault maps discovered:
D:1:      kennysheep_arrival_forest, layout_loops_cross, serial_shops,
          nicolae_shop_trees
D:2:      layout_rooms, st_stairs_4, interstate_on_off, uniq_sigmund,
          uniq_natasha

Action                   |  1- 3 |  4- 6 || total
-------------------------+-------+-------++-------
Melee: Flail             |   131 |     2 ||   133
  Use: Potion            |       |     1 ||     1
Armor: Scale mail        |    82 |       ||    82
       Chain mail        |    11 |     1 ||    12
       Skin              |     2 |       ||     2
Dodge: Dodged            |    56 |       ||    56
Block: Kite shield       |    83 |     1 ||    84

Table legend: (Time is in decaauts)
 A = Elapsed time spent in this place.
 B = Non-inter-level travel time spent in this place.
 C = Inter-level travel time spent in this place.
 D = Time resting spent in this place.
 E = Time spent auto-exploring this place.
 F = Levels seen in this place.
 G = Mean time per level.
                   A        B        C        D        E       F      G
               +--------+--------+--------+--------+--------+-----+--------+
         Total |   1980 |   1969 |     11 |    623 |   1023 |   2 |  990.0 |
       Dungeon |   1980 |   1969 |     11 |    623 |   1023 |   2 |  990.0 |
               +--------+--------+--------+--------+--------+-----+--------+

Top non-repeatable levels by time:
     D:1: 1590 daAuts
     D:2: 389 daAuts
